 Dungeon Sprint DCSS version bcrawl-1.21.2-28-g2cb1824106 (webtiles) character file.

Game seed: 1254957778254394675

226 Darkdwarf the Contemplative (level 5, -5/51 HPs)
             Began as a Deep Dwarf Sloth Apostle on Mar 22, 2020.
             Was a Priest of Cheibriados.
             Slain by a red ugly thing (9 damage)
             ... in the Dungeon (Sprint IX: "|||||||||||||||||||||||||||||").
             The game lasted 00:00:43 (174 turns).

Darkdwarf the Contemplative (DDSA)                   Turns: 174, Time: 00:00:43

Health: -5/51      AC: 15    Str: 27    XL:     5   Next: 69%
Magic:  10/10      EV:  7    Int: 24    God:    Cheibriados [***...]
Gold:   0          SH: 11    Dex: 20    Spells: 5/6 levels left

rFire    . . .     SeeInvis .   q - +3 war axe (chop)
rCold    . . .     Gourm    .   c - +0 medium shield
rNeg     . . .     Faith    .   t - +0 plate armour
rPois    .         Spirit   .   (no helmet)
rElec    .         Reflect  .   s - +0 cloak
rCorr    .         Harm     .   r - +0 pair of gloves
MR       .....     NoTele   +   (no boots)
Stlth    ..........             (no amulet)
HPRegen  0.00/turn              v - +3 ring of strength
MPRegen  0.12/turn              u - +3 ring of intelligence

@: non-regenerating, very slow
A: damage resistance, sense surroundings 1, no regeneration
a: Bend Time, Temporal Distortion, Renounce Religion


You were in the Dungeon.
You worshipped Cheibriados.
Cheibriados was most pleased with you.
You were not hungry.

You visited 1 branch

Inventory:

Hand Weapons
 q - a +3 war axe of chopping (weapon)
Armour
 c - a +0 medium shield (worn)
 r - a +0 pair of gloves (worn)
 s - a +0 cloak (worn)
 t - a +0 plate armour (worn)
Jewellery
 u - a +3 ring of intelligence (right hand)
 v - a +3 ring of strength (left hand)
Wands
 d - a wand of paralysis (10)
 p - a wand of acid (10)
Scrolls
 k - 2 scrolls of blinking
 n - 3 scrolls of remove curse
 o - 2 scrolls of amnesia
Potions
 f - 5 potions of curing
 g - 3 potions of heal wounds
 h - a potion of haste
 i - 4 potions of magic
 j - a potion of berserk rage
 m - a potion of invisibility
Comestibles
 e - a ration {!d}
 l - 4 chunks of flesh


   Skills:
 + Level 4.5 Fighting
 + Level 6.1 Axes
 * Level 6.3 Armour
 + Level 2.3 Dodging
 - Level 4.0 Stealth
 + Level 5.5 Shields
 - Level 1.0 Spellcasting
 - Level 1.0 Hexes
 * Level 7.2 Invocations
 - Level 1.3 Evocations


You had 5 spell levels left.
You knew the following spells:

 Your Spells              Type           Power        Failure   Level  Hunger
a - Slow                  Hex            #.......     97%         1    ##.....
Your spell library was empty.

Dungeon Overview and Level Annotations

Branches:
Dungeon (1/1)

Altars:
Cheibriados
Dithmenos
Elyvilon
Fedhas
Gozag
Hepliaklqana
Kikubaaqudgha
Lugonu
Makhleb
Nemelex Xobeh
Okawaru
Qazlal
Ru
Sif Muna
Trog
Uskayaw
Vehumet
Wu Jian
Xom
Yredelemnul
Zin
The Shining One
Beogh
Jiyva


Innate Abilities, Weirdness & Mutations

You are resistant to damage.
You passively map a small area around you.
You do not regenerate.


Message History

You finish putting on your +0 plate armour.
Drop what? 22/52 slots (_ for help) (? for menu, Esc to quit)
You drop a +0 hand axe.
You drop a +0 robe.
You open the door.
A worker ant, an ugly thing, an ice beast, a deep elf mage, a centaur and a hungry ghost come into view.
The deep elf mage is wielding a +2 long sword of electrocution.
The worker ant twitches its antennae in your direction.
The deep elf mage shouts!
The centaur shouts!
The red ugly thing gurgles horribly!
The worker ant waves its antennae.
Your shield and plate armour prevent you from hitting the red ugly thing.
The red ugly thing headbutts you but does no damage.
The deep elf mage casts a spell.
You barely miss the red ugly thing. The red ugly thing headbutts you.
You are engulfed in flames!!
* * * LOW HITPOINT WARNING * * *
Your shield and plate armour prevent you from hitting the red ugly thing.
You block the red ugly thing's attack. The red ugly thing headbutts you!
You die...

* ▓W▓
* ▓a▓
,*
▓e▓,*
▓Y▓ ,
▓s▓ ,
▓c▓
*, *
▓u▓ *
* ▓@▓
▓.▓ *
▓.▓ *
▓.▓ *
, ▓.▓
*, ,
▓)▓
*,
▓|▓
▓.▓
*,*
▓.▓ ,


You could see a red ugly thing, a deep elf mage, a hungry ghost, a redback, an
ice beast, a centaur and a worker ant.

Vanquished Creatures
  An ogre (D)
  A centaur (D)
  2 hounds (D)
  3 bats (D)
  A quokka (D)
  A frilled lizard (D)
  A rat (D)
10 creatures vanquished.

Notes
Turn   | Place    | Note
-------+----------+-------------------------------------------
     0 | D        | Darkdwarf the Deep Dwarf Sloth Apostle began the quest for
                  | the Orb.
     0 | D        | Reached XP level 1. HP: 19/19 MP: 2/2
     5 | D        | Reached skill level 1 in Invocations
     8 | D        | Reached * piety under Cheibriados
     8 | D        | Reached skill level 1 in Armour
    14 | D        | Reached ** piety under Cheibriados
    20 | D        | Noticed a hound
    20 | D        | Noticed an ogre
    20 | D        | Noticed a hound
    20 | D        | Noticed a centaur
    30 | D        | Killed a centaur
    30 | D        | Reached skill level 1 in Dodging
    30 | D        | Reached skill level 5 in Invocations
    30 | D        | Reached XP level 2. HP: 20/28 MP: 2/5
    30 | D        | Reached XP level 3. HP: 25/34 MP: 2/6
    30 | D        | Reached XP level 4. HP: 30/42 MP: 2/7
    44 | D        | Reached *** piety under Cheibriados
    44 | D        | Reached skill level 5 in Armour
    49 | D        | Killed an ogre
    49 | D        | Reached skill level 5 in Axes
    49 | D        | Reached skill level 5 in Shields
    49 | D        | Reached skill level 6 in Invocations
    49 | D        | Reached XP level 5. HP: 31/51 MP: 4/10
    55 | D        | Reached skill level 7 in Invocations
   100 | D        | Found a roughly hewn altar of Beogh.
   100 | D        | Found a snail-covered altar of Cheibriados.
   100 | D        | Found a shadowy altar of Dithmenos.
   100 | D        | Found a white marble altar of Elyvilon.
   100 | D        | Found a blossoming altar of Fedhas.
   100 | D        | Found an opulent altar of Gozag.
   101 | D        | Found a hazy altar of Hepliaklqana.
   102 | D        | Found a viscous altar of Jiyva.
   103 | D        | Found an ancient bone altar of Kikubaaqudgha.
   104 | D        | Found a corrupted altar of Lugonu.
   105 | D        | Found a burning altar of Makhleb.
   106 | D        | Found a sparkling altar of Nemelex Xobeh.
   107 | D        | Found an iron altar of Okawaru.
   108 | D        | Found a stormy altar of Qazlal.
   109 | D        | Found a sacrificial altar of Ru.
   110 | D        | Found a shimmering blue altar of Sif Muna.
   111 | D        | Found a bloodstained altar of Trog.
   112 | D        | Found a hide-covered altar of Uskayaw.
   113 | D        | Found a radiant altar of Vehumet.
   114 | D        | Found an ornate altar of the Wu Jian Council.
   115 | D        | Found a shimmering altar of Xom.
   116 | D        | Found a basalt altar of Yredelemnul.
   117 | D        | Found a glowing silver altar of Zin.
   118 | D        | Found a glowing golden altar of the Shining One.
   171 | D        | Noticed a hungry ghost
   171 | D        | Noticed a deep elf mage
   171 | D        | Noticed an ice beast
   171 | D        | Noticed a centaur
   171 | D        | Noticed a red ugly thing
   173 | D        | Noticed a redback
   174 | D        | Slain by a red ugly thing

Skill      XL: |  1  2  3  4  5 |
---------------+----------------+-----
Invocations    | 5 6 7 |  7.2
Armour         | 4 6 |  6.3
Fighting       | 3 4 |  4.5
Axes           | 4 5 6 |  6.1
Dodging        | 1 2 |  2.3
Shields        | 4 5 |  5.5
Stealth        | |  4.0
Spellcasting   | |  1.0
Hexes          | |  1.0
Evocations     | |  1.3

Action                   |  1- 3 |  4- 6 || total
-------------------------+-------+-------++-------
Melee: Hand axe          |    19 |    27 ||    46
       War axe           |       |     3 ||     3
 Stab: Sleeping          |     2 |       ||     2
Armor: Robe              |     7 |     2 ||     9
       Plate armour      |       |     1 ||     1
Dodge: Dodged            |    11 |     8 ||    19
Block: Medium shield     |     7 |    17 ||    24
